 Dungeon Crawl Stone Soup version 0.18.1-51-gd549091e01 (webtiles) character file.

453 magog001 the Shield-Bearer (level 6, -1/55 HPs)
             Began as a Minotaur Fighter on July 27, 2020.
             Splashed by an oklob plant's acid (13 damage)
             ... on level 4 of the Dungeon.
             The game lasted 00:15:34 (3292 turns).

magog001 the Shield-Bearer (Minotaur Fighter)       Turns: 3292, Time: 00:15:36

Health: -1/55      AC:  9    Str: 28    XL:     6   Next: 75%
Magic:  5/5        EV:  7    Int:  5    God:
Gold:   169        SH: 12    Dex:  9    Spells: 0 memorised, 5 levels left

rFire  . . .     SeeInvis .     p - +3 short sword (drain)
rCold  . . .     Gourm    .     y - +0 chain mail
rNeg   . . .     Faith    +     c - +1 shield
rPois  .         Spirit   .     (helmet restricted)
rElec  .         Dismiss  .     j - +2 cloak
rCorr  .         Reflect  .     (no gloves)
SustAt .         Harm     .     (no boots)
MR     .....                    m - amulet of faith
Stlth  ..........               (no ring)
                                (no ring)

@: mighty, corroded, not resistant to hostile enchantments, extremely unstealthy
A: retaliatory headbutt, horns 2
a: no special abilities


You were on level 4 of the Dungeon.
You were not hungry.

You visited 1 branch of the dungeon, and saw 4 of its levels.

You collected 169 gold pieces.

Inventory:

Hand Weapons
 a - a +1 war axe
 b - a +2 short sword of protection
 p - a +3 short sword of draining (weapon)
 r - a +0 hunting sling
Missiles
 g - 22 sling bullets
 h - 35 poisoned needles
 k - 2 javelins (quivered)
 q - 3 needles of frenzy
Armour
 c - a +1 shield (worn)
 j - a +2 cloak (worn)
 y - a +0 chain mail (worn)
Jewellery
 m - an amulet of faith (around neck)
 z - a +5 ring of intelligence {unknown}
Wands
 w - a wand of digging (15/24)
Scrolls
 e - a scroll of identify
 u - a scroll of remove curse
Potions
 d - a potion of might
 i - 3 potions of magic
 l - a potion of lignification {unknown}
 n - 2 potions of flight {unknown}
 o - a potion of heal wounds {unknown}
 t - a potion of haste {unknown}
 v - a potion of degeneration {unknown}
 x - a potion of curing {unknown}
 A - a potion of cure mutation {unknown}
Comestibles
 f - 3 bread rations
 s - a fruit
 B - a beef jerky


   Skills:
 * Level 4.8 Fighting
 * Level 2.3 Short Blades
 - Level 2.9 Axes
 * Level 5.6 Armour
 - Level 0.4 Dodging
 * Level 6.6 Shields


You had 5 spell levels left.
You didn't know any spells.

Dungeon Overview and Level Annotations

Branches:
Dungeon (4/15)
 Temple: D:4-7

Altars:
Fedhas
Qazlal
Trog

Annotations:
D:4 exclusion: oklob plant


Innate Abilities, Weirdness & Mutations

You reflexively headbutt those who attack you in melee.
You have a pair of horns on your head.


Message History

You headbutt the oklob plant, but do no damage.
The oklob plant is heavily damaged.
You hit the oklob plant but do no damage.
You headbutt the oklob plant, but do no damage.
The oklob plant is heavily damaged.
Drink which item? (? for menu, Esc to quit)
You feel very mighty all of a sudden.
You hit the oklob plant. You headbutt the oklob plant.
The oklob plant is heavily damaged.
The oklob plant spits acid at you. The splash of acid hits you!
The acid burns!
You hit the oklob plant.
The oklob plant is severely damaged.
You puncture the oklob plant!
The oklob plant is severely damaged.
The oklob plant spits acid at you. The splash of acid hits you!
* * * LOW HITPOINT WARNING * * *
The acid burns!
You die... ############# ....[.......# ..#########.# ....# #.# ....# #.# ########### .#..# #.# #P#.PPPPPPP P ##..# #.##♣PP%PPPPP♣#PP

....#
#####.##PP@%%%PPPPP.#
###.#
#....#.##%.PPPP.#PP♣P
#.#
#.###.##PPP.P♣P......
##.###.#
#.##PPPP.P..≈≈.≈≈
##.#.##.#
#.###PPPP†.≈≈≈.≈≈
..###...#
#.###PPP..≈≈≈≈.≈≈
##.#.#..#
#.##.....≈≈≈≈≈.≈≈≈
#.......#
#..#P♣PP.≈≈≈≈...≈≈≈≈.#
.......(#
####PP#P.≈≈≈≈._.≈≈≈≈.P


You could see an oklob plant.

Vanquished Creatures
  A phantom (D:3)
  An orc priest (D:4)
  An orc wizard (D:4)
  An iguana (D:4)
  A centaur skeleton (D:4)
  3 worker ants
  3 gnolls (D:4)
  6 adders
  An ooze (D:1)
  3 worms (D:3)
  2 dart slugs
  A giant gecko (D:4)
  9 orcs
  3 ball pythons
  5 giant cockroaches
  7 goblins
  9 hobgoblins
  3 jackals (D:1)
  9 kobolds
  A quokka (D:2)
  4 bats
  2 giant newts
  3 rats
  A plant (D:4)
80 creatures vanquished.

Vanquished Creatures (others)
  A rat (D:1)
  13 toadstools (D:4)
14 creatures vanquished.

Grand Total: 94 creatures vanquished

Notes
Turn   | Place    | Note
--------------------------------------------------------------
     0 | D:1      | magog001 the Minotaur Fighter began the quest for the Orb.
     0 | D:1      | Reached XP level 1. HP: 19/19 MP: 0/0
   147 | D:1      | Reached XP level 2. HP: 26/27 MP: 1/1
   635 | D:1      | Reached skill level 4 in Shields
   842 | D:2      | Reached XP level 3. HP: 33/33 MP: 2/2
  1113 | D:2      | Found a stormy altar of Qazlal.
  1171 | D:2      | You fall through a shaft!
  1242 | D:3      | Reached XP level 4. HP: 40/40 MP: 3/3
  1294 | D:3      | Noticed a phantom
  1310 | D:3      | Reached skill level 1 in Short Blades
  1345 | D:3      | Killed a phantom
  1345 | D:3      | Reached skill level 5 in Shields
  1345 | D:3      | Reached XP level 5. HP: 38/47 MP: 4/4
  1523 | D:3      | Reached skill level 5 in Armour
  2111 | D:3      | Found a bloodstained altar of Trog.
  2566 | D:4      | Reached XP level 6. HP: 53/53 MP: 5/5
  2710 | D:4      | Reached skill level 6 in Shields
  3240 | D:4      | Found a blossoming altar of Fedhas.
  3252 | D:4      | Noticed an oklob plant
  3292 | D:4      | Splashed by an oklob plant's acid

Skill      XL: |  1  2  3  4  5  6 |
---------------+-------------------+-----
Fighting       | 4 |  4.8
Shields        | 4 5 6 |  6.6
Armour         | 4 5 |  5.6
Short Blades   | 1 2 |  2.3
Axes           | |  2.9
Dodging        | |  0.4

Action                   |  1- 3 |  4- 6 || total
-------------------------+-------+-------++-------
Melee: War axe           |    49 |       ||    49
       Headbutt          |    12 |    40 ||    52
       Short sword       |    59 |   194 ||   253
  Use: Scroll            |     5 |     6 ||    11
       Potion            |       |     1 ||     1
  Eat: Chunk             |     1 |     6 ||     7
       Fruit             |       |     1 ||     1
Armor: Scale mail        |    42 |    10 ||    52
       Chain mail        |       |    60 ||    60
Dodge: Dodged            |    27 |    34 ||    61
Block: Shield            |    54 |   107 ||   161
